 Dungeon Crawl Stone Soup version 0.23-b1-75-g379dba2534 (webtiles) character file.

Game seed: 64837768713989914

98 Froggeryz the Skirmisher (level 4, -3/54 HPs)
             Began as a Demonspawn Abyssal Knight on Feb 6, 2019.
             Was a Believer of Lugonu.
             Slain by a kobold
             ... wielding a +0 short sword
              (5 damage)
             ... on level 2 of the Dungeon.
             The game lasted 00:03:07 (1952 turns).

Froggeryz the Skirmisher (DsAK)                     Turns: 1952, Time: 00:03:07

Health: -3/54      AC:  5    Str: 18    XL:     4   Next: 44%
Magic:  5/5        EV: 11    Int: 18    God:    Lugonu [**....]
Gold:   74         SH:  0    Dex: 13    Spells: 3/3 levels left

rFire    . . .     SeeInvis .   a - +1 spear
rCold    . . .     Gourm    .   (no shield)
rNeg     . . .     Faith    .   b - +0 leather armour
rPois    .         Spirit   .   (helmet restricted)
rElec    .         Reflect  .   (no cloak)
rCorr    .         Harm     .   (no gloves)
MR       .....                  (no boots)
Stlth    ..........             (no amulet)
HPRegen  0.18/turn              (no ring)
MPRegen  0.09/turn              (no ring)

@: mighty, brilliant, berserking, lethally poisoned (-3 -> -5), hasted, very
quick
A: horns 1, slimy green scales 1
a: Depart the Abyss, Bend Space, Renounce Religion


You were on level 2 of the Dungeon.
You worshipped Lugonu.
Lugonu was pleased with you.
You were not hungry.

You visited 1 branch of the dungeon, and saw 2 of its levels.
You visited the Abyss 1 time.

You collected 74 gold pieces.

Inventory:

Hand Weapons
 a - a +1 spear (weapon)
 o - a cursed +0 halberd
 p - a +2 dagger of venom
 t - a +2 hunting sling of flaming
 u - a +0 blowgun
Armour
 b - a +0 leather armour (worn)
 h - a +0 shield
 q - a +0 large shield
 s - a +0 pair of gloves
Scrolls
 d - 2 scrolls of identify
 e - 2 scrolls of blinking {unknown}
 f - 2 scrolls of teleportation {unknown}
 i - a scroll of enchant armour {unknown}
 j - 2 scrolls of fear {unknown}
 l - a scroll of enchant weapon {unknown}
 m - 2 scrolls of remove curse {unknown}
Potions
 n - a potion of agility {unknown}
 r - a potion of brilliance
 v - a potion of might
Comestibles
 c - 6 rations


   Skills:
 + Level 3.6 Fighting
 * Level 3.3 Polearms
 + Level 2.6 Armour
 - Level 0.8 Dodging
 - Level 2.4 Invocations


You had 3 spell levels left.
You didn't know any spells.
Your spell library was empty.

Dungeon Overview and Level Annotations

Branches:
Dungeon (2/15)

Altars:


Innate Abilities, Weirdness & Mutations

You have a pair of small horns on your head.
You are partially covered in slimy green scales. (AC +2)


Message History

You hit the kobold but do no damage. Your headbutt misses the kobold.
* * * LOW HITPOINT WARNING * * *
You feel sick.
The kobold hits you with a +0 short sword.
* * * LOW HITPOINT WARNING * * *
It was a potion of brilliance.
You feel clever all of a sudden. The kobold barely misses you.
It was a potion of might.
You feel very mighty all of a sudden.
* * * LOW HITPOINT WARNING * * *
You feel sick. The kobold hits you but does no damage.
It was a potion of haste.
You feel yourself speed up.
The kobold hits you with a +0 short sword.
* * * LOW HITPOINT WARNING * * *
It was a potion of berserk rage.
A red film seems to cover your vision as you go berserk!
You feel yourself moving faster!
You feel mighty!
The kobold hits you with a +0 short sword.
You die...

##..##.#..#.#####..# #######.#
..#####.#..#.##..###.##.......#
#..#..##.#..#.##..#.. ######..#
# .###...##.#..#..###.# #..###
..#..#(.##.#.....#..######
#..##. ###.##...##.#..###...
#..# #..##.
.#..#..#..##.#..#..## #..#
#..... ##.##.##...##..##†..#
#..# #.#### '..#[.#..#..##('@K#
#.## #.#
#######################.####.#
..............<.........†....#
...........PP.##........†....#
########...PPP....######.#####
####.♣P♣P..### #.>##
##.)..♣♣♣♣.## ##..##
###..#....PP.#### ##..#
###......#........# ####.####


You could see a kobold.

Vanquished Creatures
  2 gnolls
  3 adders (D:2)
  A worm (D:2)
  3 dart slugs
  A leopard gecko (D:1)
  3 giant cockroaches (D:2)
  4 goblins
  4 hobgoblins
  2 quokkas (D:2)
  A ball python (D:2)
  7 bats
  4 frilled lizards
  9 kobolds
  4 rats
48 creatures vanquished.

Notes
Turn   | Place    | Note
-------+----------+-------------------------------------------
     0 | Abyss:1  | Froggeryz the Demonspawn Abyssal Knight began the quest for
                  | the Orb.
     0 | Abyss:1  | Reached XP level 1. HP: 18/18 MP: 2/2
    48 | D:1      | Escaped the Abyss
   332 | D:1      | Gained mutation: You are partially covered in slimy green
                  | scales. (AC +2) [demonic ancestry]
   332 | D:1      | Reached XP level 2. HP: 24/24 MP: 3/3
   728 | D:1      | Reached ** piety under Lugonu
   791 | D:1      | Gained mutation: You have a pair of small horns on your
                  | head. [demonic ancestry]
   791 | D:1      | Reached XP level 3. HP: 21/29 MP: 4/4
  1547 | D:2      | Reached XP level 4. HP: 23/35 MP: 5/5
  1951 | D:2      | HP: 1/36 [kobold/+0 short sword (1)]
  1952 | D:2      | Slain by a kobold

Skill      XL: |  1  2  3 |
---------------+----------+-----
Polearms       | 2 3 |  3.3
Armour         | 2 |  2.6
Fighting       | |  3.6
Dodging        | |  0.8
Invocations    | |  2.4

Action                   |  1- 3 |  4- 6 || total
-------------------------+-------+-------++-------
Melee: Spear             |   118 |    51 ||   169
       Headbutt          |     8 |     7 ||    15
  Use: Scroll            |     1 |       ||     1
       Potion            |       |     4 ||     4
 Stab: Sleeping          |     2 |       ||     2
       Distracted        |       |     1 ||     1
  Eat: Chunk             |     2 |     1 ||     3
Armor: Leather armour    |    30 |    14 ||    44
Dodge: Dodged            |    63 |    29 ||    92
